 Dungeon Crawl Stone Soup version 0.31-a0-810-ga77100ea1a (webtiles) character file.

Game seed: 8866743400982852371

74 javelincjr the Changeling (level 4, -2/20 (22) HPs)
             Began as a Spriggan Shapeshifter on Sept 21, 2023.
             Slain by Crazy Yiuf
             ... wielding a +4 quarterstaff of chaos
              (10 damage)
             ... on level 3 of the Dungeon.
             The game lasted 00:05:41 (1791 turns).

javelincjr the Changeling (Spriggan Shapeshifter)   Turns: 1791, Time: 00:05:42

HP:   -2/20 (22)    AC:  2    Str: 12    XL:     4   Next: 9%
MP:   5/5           EV: 18    Int: 11    God:
Gold: 120           SH:  0    Dex: 14    Spells: 3/3 levels left

rFire   . . .        j - +1 dagger (drain)
rCold   . . .        (no shield)
rNeg    . . .        a - +0 animal skin
rPois   .            (helmet currently unavailable)
rElec   .            (cloak currently unavailable)
rCorr   .            (gloves unavailable)
SInv    +            (boots unavailable)
Will    .....        f - amulet of regeneration
Stlth   +            (no ring)
HPRegen 1.03/turn    (no ring)
MPRegen 0.09/turn

%: no passive effects
@: lethally poisoned (-2 -> -7), beast-form, hasted, drained, very quick
A: beast (slay +2), very small, no large weapons, unfitting armour, see
invisible, speed 3
a: Begin Untransformation


You were on level 3 of the Dungeon.
You were a hulking beast.
You visited 1 branch of the dungeon, and saw 3 of its levels.

You collected 120 gold pieces.

Inventory:

Hand Weapons
 j - a +1 dagger of draining (weapon)
Armour
 a - a +0 animal skin (worn)
Jewellery
 f - an amulet of regeneration (around neck)
Talismans
 c - a beast talisman (active)
 d - a flux talisman
Scrolls
 e - 3 scrolls of teleportation {unknown}
 g - 2 scrolls of identify {unknown}
 i - a scroll of fog {unknown}
Potions
 b - a potion of lignification
 h - 2 potions of curing {unknown}


   Skills:
 + Level 1.6 Fighting
 + Level 3.7 Dodging
 + Level 2.9 Unarmed Combat
 + Level 4.7 Shapeshifting


You had 3 spell levels left.
You didn't know any spells.
Your spell library contained the following spells:

 Spells                   Type           Power      Damage    Failure   Level
 Freeze                   Ice            0%         1d3       34%         1
 Kiss of Death            Conj/Necr      0%         2d5       34%         1
 Confusing Touch          Hex            0%         N/A       71%         3
 Frozen Ramparts          Ice            0%         1d1       71%         3
 Hailstorm                Conj/Ice       0%         3d3       71%         3
 Dispel Undead            Necr           0%         3d6       98%         4
 Summon Ice Beast         Ice/Summ       0%         N/A       98%         4
 Simulacrum               Ice/Necr       0%         N/A       100%        6


Dungeon Overview and Level Annotations

Branches:
Dungeon (3/15)

Altars:

Shops:
D:3 ?

Annotations:
D:3 Crazy Yiuf


Innate Abilities, Weirdness & Mutations

You are a hulking beast.
Your limbs bulge with bestial killing power. (Slay +2)
You are very small and have problems with some larger weapons.
You are too small for most types of armour.
You have supernaturally acute eyesight. (SInv)
You cover ground extremely quickly. (Speed+++)


Message History

The adder misses you.
You hit the adder.
The adder is heavily wounded.
The adder bites you.
You hit the adder.
You kill the adder!
You have reached level 4!
A goblin comes into view. It is wielding a +1 dagger of draining.
The goblin shouts!
The goblin hits you but does no damage.
You feel drained.
You hit the goblin.
The goblin is moderately wounded.
The goblin hits you with a +1 dagger of draining.
You feel drained.
You barely miss the goblin.
The goblin is moderately wounded.
The goblin misses you.
You punch the goblin!
You kill the goblin!
You see here a +1 dagger of draining.
j - a +1 dagger of draining You sense an unholy aura.
j - a +1 dagger of draining (weapon)
Found a hammer.
Found a runed translucent door.
You open the door. You hit Crazy Yiuf.
Crazy Yiuf is lightly wounded.
Crazy Yiuf hits you with a +4 quarterstaff of chaos.
You feel yourself speed up.
You hit Crazy Yiuf. You drain Crazy Yiuf.
Crazy Yiuf is heavily wounded.
Crazy Yiuf hits you with a +4 quarterstaff of chaos!
Ouch! That really hurt!
You are poisoned.
You barely miss Crazy Yiuf.
Crazy Yiuf is heavily wounded.
You feel very sick.
Crazy Yiuf hits you with a +4 quarterstaff of chaos!
Ouch! That really hurt!
You die...

##♣♣♣♣♣
###...♣.♣♣♣ ###
##......♣..♣#...#
#......♣♣♣♣hg...#
#..#..♣♣ ♣♣#..)#
#.###♣♣ ### #..#
##.# #.# ### #.#
#.# #.#
##.###########
#.##
###...#.........


You could see Crazy Yiuf (very drained).

Vanquished Creatures
  3 adders (D:3)
  2 worms
  4 endoplasms
  A hobgoblin (D:1)
  3 jackals (D:3)
  2 quokkas
  4 ball pythons
  9 bats
  5 frilled lizards
  6 goblins
  A kobold (D:1)
  A rat (D:2)
41 creatures vanquished.

Notes
Turn   | Place    | Note
-------+----------+-------------------------------------------
     0 | D:1      | javelincjr the Spriggan Shapeshifter began the quest for
                  | the Orb.
     0 | D:1      | Reached XP level 1. HP: 9/9 MP: 2/2
   145 | D:1      | Reached skill level 1 in Fighting
   197 | D:1      | Reached XP level 2. HP: 14/14 MP: 3/3
   992 | D:2      | Reached XP level 3. HP: 18/18 MP: 4/4
  1656 | D:3      | Found Woplusu's Magic Scroll Boutique.
  1760 | D:3      | Reached XP level 4. HP: 22/22 MP: 5/5
  1784 | D:3      | Found a runed translucent door.
  1785 | D:3      | Noticed Crazy Yiuf
  1791 | D:3      | Slain by Crazy Yiuf

Illustrated notes

Levels and vault maps discovered:
D:1:      minmay_arrival_glassed_features, layout_basic
D:2:      layout_loops_cross, minivault_19, nicolae_wormholes
D:3:      layout_loops_ring, mainiacjoe_overflow_alcove_1, serial_shops,
          nicolae_shop_tiny_statue_garden, uniq_crazy_yiuf_cottage

Skill      XL: |  1 |
---------------+----+-----
Fighting       | 1 |  1.6
Dodging        | 3 |  3.7
Unarmed Combat | |  2.9
Shapeshifting  | |  4.7

Action                     |  1- 3 |  4- 6 || total
---------------------------+-------+-------++-------
  Melee: Unarmed           |   134 |     3 ||   137
         Punch             |     2 |       ||     2
         Dagger            |       |     3 ||     3
   Stab: Sleeping          |     2 |       ||     2
 Armour: Animal skin       |    35 |     5 ||    40
  Dodge: Dodged            |   104 |     1 ||   105

Table legend: (Time is in decaauts)
 A = Elapsed time spent in this place.
 B = Non-inter-level travel time spent in this place.
 C = Inter-level travel time spent in this place.
 D = Time resting spent in this place.
 E = Time spent auto-exploring this place.
 F = Levels seen in this place.
 G = Mean time per level.
                   A        B        C        D        E       F      G
               +--------+--------+--------+--------+--------+-----+--------+
         Total |   1155 |   1118 |     37 |      0 |    855 |   3 |  385.0 |
       Dungeon |   1155 |   1118 |     37 |      0 |    855 |   3 |  385.0 |
               +--------+--------+--------+--------+--------+-----+--------+

Top non-repeatable levels by time:
     D:1: 431 daAuts
     D:2: 412 daAuts
     D:3: 312 daAuts
